 Dungeon Crawl Stone Soup version 0.22-a0-161-g198051c (webtiles) character file.

158 wolfsongas the Skirmisher (level 5, -8/42 HPs)
             Began as a Demonspawn Wanderer on Feb 11, 2018.
             Was an Initiate of Gozag.
             Killed by divine providence
             ... invoked by an orc priest
              (16 damage)
             ... on level 3 of the Dungeon.
             The game lasted 00:05:58 (3256 turns).

wolfsongas the Skirmisher (Demonspawn Wanderer)     Turns: 3256, Time: 00:05:59

Health: -8/42      AC:  3    Str: 12    XL:     5   Next: 16%
Magic:  5/5        EV: 15    Int: 21    God:    Gozag
Gold:   294        SH:  0    Dex: 18    Spells: 4/4 levels left

rFire    . . .     SeeInvis .   a - +5 dagger
rCold    . . .     Gourm    .   (no shield)
rNeg     . . .     Faith    .   c - +0 leather armour
rPois    .         Spirit   .   (no helmet)
rElec    .         Reflect  .   (no cloak)
rCorr    .         Harm     .   (no gloves)
MR       .....                  (no boots)
Stlth    ++++......             (no amulet)
HPRegen  0.14/turn              k - +5 ring of intelligence
MPRegen  0.09/turn              (no ring)

@: agile, gold aura
A: thin skeletal structure 1, rot immunity
a: Potion Petition, Call Merchant, Bribe Branch, Renounce Religion


You were on level 3 of the Dungeon.
You worshipped Gozag.
Gozag was aware of your devotion.
You were not hungry.

You visited 1 branch of the dungeon, and saw 3 of its levels.

You collected 294 gold pieces.

Inventory:

Hand Weapons
 a - a +5 dagger (weapon)
Armour
 c - a +0 leather armour (worn)
Jewellery
 k - a +5 ring of intelligence (left hand)
Scrolls
 b - 2 scrolls of blinking
 d - a scroll of remove curse
 e - 2 scrolls of identify
 g - a scroll of fear
 i - 2 scrolls of fog
Comestibles
 f - 4 rations


   Skills:
 - Level 4.2 Fighting
 * Level 3.3 Short Blades
   Level 2.0 Maces & Flails
 - Level 1.2 Armour
 + Level 2.9 Stealth
   Level 1.0 Shields


You had 4 spell levels left.
You didn't know any spells.

Dungeon Overview and Level Annotations

Branches:
Dungeon (3/15)

Altars:
Gozag
Nemelex Xobeh
Trog
Zin


Innate Abilities, Weirdness & Mutations

You have a somewhat thin skeletal structure. (Dex +2, Stealth)
You are immune to rotting.


Message History

You hit the orc.
You kill the orc!
You closely miss the orc. The orc hits you with a dagger.
You hit the orc.
The orc is heavily wounded.
The orc priest invokes the aid of Beogh against you.
Beogh smites you!
* * * LOW HITPOINT WARNING * * *
You barely miss the orc.
The orc is heavily wounded.
The orc barely misses you.
The orc priest begins to cast a cantrip, but forgets the words!
You closely miss the orc.
The orc is heavily wounded.
The orc hits you with a dagger.
* * * LOW HITPOINT WARNING * * *
The orc priest invokes the aid of Beogh against you.
Beogh smites you!
You die...
Your body crumbles into a pile of gold.

......# #.#..# #.#
#.###.###.#..# #!#
#............# #o#
##...........# #.#
....###.#.#### #.#
..#.....#.# #o#
..........# #$#
....#.###.########o#
....#...........@o.#
....###....#########
...## ###### ..##
###


You could see an orc priest and an orc.

Vanquished Creatures
  An orc wizard (D:3)
  5 adders
  An ooze (D:3)
  2 worms
  A dart slug (D:1)
  2 leopard geckos
  4 orcs (D:3)
  4 ball pythons
  9 bats
  A giant cockroach (D:2)
  11 hobgoblins
  3 jackals (D:3)
  9 kobolds
  A quokka (D:2)
  4 frilled lizards
  8 goblins
  3 rats
69 creatures vanquished.

Notes
Turn   | Place    | Note
-------+----------+-------------------------------------------
     0 | D:1      | wolfsongas the Demonspawn Wanderer began the quest for the Orb.
     0 | D:1      | wolfsongas set off with: a +2 dagger, a scroll of blinking, a +0 spear, a +0 mace, a +0 robe, a ration
     0 | D:1      | Reached XP level 1. HP: 19/19 MP: 1/1
   334 | D:1      | Gained mutation: You are immune to rotting. [demonic ancestry]
   334 | D:1      | Reached XP level 2. HP: 25/25 MP: 2/2
   820 | D:1      | Reached skill level 1 in Short Blades
  1254 | D:2      | Gained mutation: You have a somewhat thin skeletal structure. (Dex +2, Stealth) [demonic ancestry]
  1254 | D:2      | Reached XP level 3. HP: 30/30 MP: 3/3
  1673 | D:2      | Found a faded altar of an unknown god.
  1680 | D:2      | Became a worshipper of Gozag Ym Sagoz the Greedy
  2030 | D:3      | Reached XP level 4. HP: 26/37 MP: 4/4
  2250 | D:3      | Found Zin's Purification Station.
  2304 | D:3      | Found a glowing silver altar of Zin.
  3136 | D:3      | Found a sparkling altar of Nemelex Xobeh.
  3137 | D:3      | Found a bloodstained altar of Trog.
  3246 | D:3      | Reached XP level 5. HP: 42/42 MP: 5/5
  3256 | D:3      | Killed from afar by an orc priest

Vault maps used:
D:1:      nzn_arrival_crosshair, fountainhead, minmay_misc_feat_secret_circle
D:2:      chequers_ecumenical_altar_lobes
D:3:      minitemple, zin_purify, minivault_27, minmay_misc_feat_doors,
          minmay_misc_feat_columns, saegor_snake_ambush

Skill      XL: |  1  2  3  4 |
---------------+-------------+-----
Stealth        | 2 |  2.9
Maces & Flails | 2 |  2.0
Short Blades   | 1 2 3 |  3.3
Fighting       | |  4.2
Armour         | |  1.2
Shields        | |  1.0

Action                   |  1- 3 |  4- 6 || total
-------------------------+-------+-------++-------
Melee: Dagger            |   131 |   108 ||   239
  Use: Scroll            |     6 |     2 ||     8
       Potion            |     3 |     1 ||     4
 Stab: Sleeping          |     6 |     9 ||    15
       Distracted        |     1 |       ||     1
  Eat: Chunk             |     2 |       ||     2
       Ration            |     1 |     1 ||     2
Armor: Robe              |    11 |       ||    11
       Leather armour    |     9 |    32 ||    41
Dodge: Dodged            |    58 |    54 ||   112

Table legend:
 A = Spawn XP
 B = Non-spawn XP
 C = Spawn XP percentage of total XP
 D = Spawn monster count
 E = Non-spawn monster count
 F = Spawn count percentage of total count
 G = Total turns spent on level
                    A         B        C        D         E        F      G
               +---------+---------+-------+---------+---------+-------+---------
         Total |       0 |     227 |   0.0 |       0 |      69 |   0.0 |  3256
               +---------+---------+-------+---------+---------+-------+---------
           D:1 |       0 |      40 |   0.0 |       0 |      24 |   0.0 |  1250
           D:2 |       0 |      41 |   0.0 |       0 |      14 |   0.0 |   743
           D:3 |       0 |     146 |   0.0 |       0 |      31 |   0.0 |  1263
               +---------+---------+-------+---------+---------+-------+---------
